 Dungeon Crawl Stone Soup version 0.21-a0-442-g848f44b (webtiles) character file.

15159 mortelune the Severer (level 11, -5/104 HPs)
             Began as a Minotaur Berserker on Nov 15, 2017.
             Was an Elder of Trog.
             Killed from afar by a frost giant (13 damage)
             ... with a bolt of cold
             ... in an ice cave.
             The game lasted 00:50:45 (13797 turns).

mortelune the Severer (Minotaur Berserker)         Turns: 13797, Time: 00:50:46

Health: -5/104     AC: 18    Str: 24    XL:     11   Next: 98%
Magic:  10/10      EV: 10    Int:  5    God:    Trog [****..]
Gold:   621        SH:  4    Dex: 12    Spells: 10/10 levels left

rFire    . . .     SeeInvis .   a - +0 war axe
rCold    . . .     Gourm    .   (no shield)
rNeg     . . .     Faith    .   N - +0 plate armour
rPois    .         Spirit   .   (helmet restricted)
rElec    .         Reflect  +   (no cloak)
rCorr    .         Harm     .   k - +0 pair of gloves
MR       ++...                  (no boots)
Stlth    ..........             i - +4 amulet of reflection
HPRegen  0.27/turn              W - ring "Umidd" {MR+ Dex+2}
MPRegen  0.12/turn              A - ring of protection from magic

@: no status effects
A: retaliatory headbutt, horns 2, slimy green scales 1
a: Berserk, Trog's Hand, Brothers in Arms, Burn Spellbooks, Renounce Religion


You were in an ice cave.
You worshipped Trog.
Trog was greatly pleased with you.
You were not hungry.

You visited 2 branches of the dungeon, and saw 13 of its levels.
You also visited: Ice Cave.

You collected 930 gold pieces.
You spent 309 gold pieces at shops.

Inventory:

Hand Weapons
 a - a +0 war axe (weapon)
 b - a +0 hunting sling
 T - a +6 spear of piercing
 Y - the +1 morningstar of Saltpetre {freeze, rElec Int+2 Dex-4}
   (You found it on level 9 of the Dungeon)

   It has been specially enchanted to freeze those struck by it, causing extra
   injury to most foes and up to half again as much damage against particularly
   susceptible opponents.
   It can also slow down cold-blooded creatures.
   It affects your intelligence (+2).
   It affects your dexterity (-4).
   It insulates you from electricity.
Missiles
 d - 307 stones (quivered)
 p - 90 sling bullets
 E - 7 poisoned javelins
Armour
 k - a +0 pair of gloves (worn)
 N - a +0 plate armour (worn)
Jewellery
 g - an uncursed ring of fire
 i - a +4 amulet of reflection (around neck)
 o - a +4 amulet of reflection
 A - a ring of protection from magic (right hand)
 F - an uncursed ring of magical power
 Q - an uncursed ring of resist corrosion
 W - the ring "Umidd" (left hand) {MR+ Dex+2}
   (You found it on level 10 of the Dungeon)

   [ring of protection from magic]

   It affects your dexterity (+2).
   It affects your resistance to hostile enchantments.
Wands
 v - a wand of flame (27/48)
 w - a wand of disintegration (17/24)
 y - a wand of digging (7/24)
 D - a wand of confusion (26/48)
 O - a wand of acid (7/15)
Scrolls
 h - 10 scrolls of teleportation
 j - a scroll of recharging {unknown}
 l - a scroll of fog {unknown}
 q - 2 scrolls of remove curse
 s - 3 scrolls of enchant weapon
 B - 4 scrolls of enchant armour
 G - 2 scrolls of blinking
 I - a scroll of acquirement {unknown}
 K - a scroll of silence {unknown}
 R - a scroll of identify
 S - a scroll of immolation {unknown}
 V - a scroll of fear
 X - a scroll of summoning {unknown}
Potions
 e - 5 potions of curing
 f - a potion of resistance
 m - 2 potions of cancellation
 r - a potion of might
 t - a potion of haste
 H - a potion of invisibility
 J - a potion of flight
 L - 2 potions of heal wounds
 M - 2 potions of agility
 P - a potion of lignification
 U - a potion of ambrosia {unknown}
Books
 n - a book of Air

   Spells                             Type                      Level
   a - Shock                          Conjuration/Air              1
   b - Swiftness                      Charms/Air                   2
   c - Static Discharge               Conjuration/Air              3
   d - Airstrike                      Air                          4
   e - Lightning Bolt                 Conjuration/Air              5
   Trog disapproves of the use of such an item.
 u - a book of Cantrips

   Spells                             Type                      Level
   a - Confusing Touch                Hexes                        1
   b - Animate Skeleton               Necromancy                   1
   c - Summon Small Mammal            Summoning                    1
   d - Apportation                    Translocation                1
   Trog disapproves of the use of such an item.
Miscellaneous
 x - a phantom mirror
Comestibles
 c - 9 bread rations
 z - 6 royal jellies
 C - 10 meat rations


   Skills:
 + Level 11.9 Fighting
 * Level 15.4 Axes
 + Level 11.2 Armour
 + Level 6.0 Dodging


You had 10 spell levels left.
You didn't know any spells.

Dungeon Overview and Level Annotations

Branches:
Dungeon (11/15)            Temple (0/1) D:7            Lair (2/6) D:9
  Snake (0/4) Lair:2
  Swamp: Lair:2-4    Shoals: Lair:2-4       Orc: D:9-12

Altars:
Ashenzari
Cheibriados
Elyvilon
Fedhas
Kikubaaqudgha
Makhleb
Trog
Vehumet
Xom
Yredelemnul
Zin

Shops:
D:5 :!   D:7 !   D:11 (

Annotations:
Lair:1 exclusion: 2 oklob plants


Innate Abilities, Weirdness & Mutations

You reflexively headbutt those who attack you in melee.
You have a pair of horns on your head.
You are partially covered in slimy green scales. (AC +2)


Message History

The polar bear is moderately wounded.
Your ogre goes berserk!
You feel somewhat more hungry. Trog will no longer gift you weapons.
The frost giant points at you and mumbles some strange words.
The bolt of cold hits you!
You swap places.
The frost giant gestures at you while chanting.
The bolt of cold hits your ogre. The bolt of cold hits you!
You hear a bellow!
Your ogre hits the frost giant with a giant spiked club!!
The frost giant gestures at you while chanting.
The bolt of cold hits your ogre.
Your ogre dies!
Your ogre's corpse disappears in a puff of smoke!
The bolt of cold hits you!
* * * LOW HITPOINT WARNING * * *
The frost giant points at you and mumbles some strange words.
The bolt of cold hits you!
You die...

≈#≈≈≈##.##.##
≈≈≈≈≈#..#.##
≈#≈≈##.##..#
≈≈≈≈ #.###.#
#≈≈ ##≈#.##
#....# ##.#.#
###.## ##@#
##.# #..#
#.## #C##
##h# #h# .Y#
h.##


You could see a frost giant.

Vanquished Creatures
  A hydra (Lair:1)
  A two-headed ogre (D:11)
  Nergalle (D:11)
  A manticore (D:11)
  Psyche (D:8)
  2 spiny frogs (Lair:1)
  2 gargoyles
  An ice devil (Lair:2)
  8 polar bears (IceCv)
  4 trolls
  A hippogriff (Lair:2)
  11 yaks
  2 wyverns
  3 water moccasins
  An acid dragon (D:10)
  Duvessa (D:5)
  A porcupine (Lair:1)
  4 sky beasts
  3 orc warriors
  A black bear (D:6)
  6 ogres
  An eye of draining (D:11)
  2 ice beasts
  10 wolves (IceCv)
  3 centaurs
  3 crocodiles
  A big kobold (D:8)
  4 bullfrogs
  2 scorpions
  Dowan (D:5)
  5 howler monkeys
  2 hounds
  7 orc priests
  4 bullfrog skeletons
  8 orc wizards
  7 iguanas
  Ijyb (D:5)
  2 worker ants
  A worker ant zombie (D:5)
  2 howler monkey skeletons
  4 gnolls (D:8)
  6 adders
  2 shadow imps
  An ooze (D:7)
  2 adder skeletons
  3 worms
  A dart slug (D:1)
  12 leopard geckos
  43 orcs
  3 ball pythons
  A giant cockroach (D:3)
  7 goblins
  12 hobgoblins
  22 jackals
  4 quokkas
  4 bats
  9 frilled lizards
  9 kobolds
  2 leopard gecko skeletons
  A quokka skeleton (D:5)
  9 rats
  A fungus (Lair:1)
280 creatures vanquished.

Vanquished Creatures (collateral kills)
  Urug (D:10)
  A cyclops (D:11)
  An ice statue (IceCv)
  A komodo dragon (D:9)
  An ice devil (Lair:2)
  A polar bear (IceCv)
  A wyvern (D:9)
  A swamp drake (D:9)
  2 wolves (IceCv)
  An orc wizard (D:11)
11 creatures vanquished.

Vanquished Creatures (others)
  A goblin (D:2)
1 creature vanquished.

Grand Total: 292 creatures vanquished

Notes
Turn   | Place    | Note
-------+----------+-------------------------------------------
     0 | D:1      | mortelune the Minotaur Berserker began the quest for the Orb.
     0 | D:1      | Reached XP level 1. HP: 19/19 MP: 0/0
   252 | D:1      | Reached skill level 4 in Axes
   280 | D:1      | Reached XP level 2. HP: 27/27 MP: 1/1
   669 | D:1      | Reached XP level 3. HP: 33/34 MP: 2/2
  1020 | D:2      | Reached ** piety under Trog
  1874 | D:3      | Reached XP level 4. HP: 40/41 MP: 3/3
  2230 | D:3      | Reached skill level 5 in Fighting
  2259 | D:3      | Reached skill level 5 in Axes
  2441 | D:3      | Reached *** piety under Trog
  2728 | D:4      | You fall through a shaft!
  2728 | D:5      | Entered Level 5 of the Dungeon
  2728 | D:5      | Noticed a centaur
  2736 | D:5      | Killed a centaur
  2736 | D:5      | Reached XP level 5. HP: 33/48 MP: 4/4
  2739 | D:5      | Reached skill level 6 in Axes
  2845 | D:5      | Noticed Duvessa
  2845 | D:5      | Noticed Dowan
  2859 | D:5      | Killed Dowan
  2873 | D:5      | Killed Duvessa
  2873 | D:5      | Reached XP level 6. HP: 31/57 MP: 5/5
  3042 | D:4      | Found a shattered altar of Ashenzari.
  3156 | D:4      | Reached skill level 7 in Axes
  3181 | D:4      | Reached XP level 7. HP: 63/63 MP: 6/6
  3630 | D:5      | Found a radiant altar of Vehumet.
  3746 | D:5      | Found Kiuroff's Book Boutique.
  3765 | D:5      | Reached **** piety under Trog
  3917 | D:5      | Found Kayntari's Distillery.
  3924 | D:5      | Reached skill level 8 in Axes
  3937 | D:5      | Bought a potion of cancellation for 96 gold pieces
  3937 | D:5      | Bought a potion of invisibility for 96 gold pieces
  4009 | D:5      | Reached skill level 5 in Armour
  4269 | D:5      | Reached XP level 8. HP: 73/73 MP: 7/7
  4299 | D:5      | Noticed Ijyb
  4318 | D:5      | Killed Ijyb
  4327 | D:5      | Reached skill level 9 in Axes
  4591 | D:5      | Bought a potion of flight for 36 gold pieces
  4591 | D:5      | Bought a potion of agility for 48 gold pieces
  4764 | D:5      | Found a white marble altar of Elyvilon.
  5193 | D:6      | Reached skill level 10 in Axes
  6139 | D:7      | Found Fuon's Distillery.
  6148 | D:7      | Bought a potion of curing for 33 gold pieces
  6195 | D:7      | Reached XP level 9. HP: 82/82 MP: 8/8
  6201 | D:7      | Found a staircase to the Ecumenical Temple.
  6206 | D:7      | Found a blossoming altar of Fedhas.
  6206 | D:7      | Found a burning altar of Makhleb.
  6206 | D:7      | Found a glowing silver altar of Zin.
  6206 | D:7      | Found a blossoming altar of Fedhas.
  6207 | D:7      | Found a bloodstained altar of Trog.
  6207 | D:7      | Found a basalt altar of Yredelemnul.
  6208 | D:7      | Found a burning altar of Makhleb.
  6208 | D:7      | Found a basalt altar of Yredelemnul.
  6208 | D:7      | Found a shimmering altar of Xom.
  6208 | D:7      | Found a snail-covered altar of Cheibriados.
  6208 | D:7      | Found a bloodstained altar of Trog.
  6208 | D:7      | Found a radiant altar of Vehumet.
  6713 | D:8      | Noticed a gargoyle
  6716 | D:8      | Killed a gargoyle
  6716 | D:8      | Reached skill level 11 in Axes
  6723 | D:8      | Noticed Psyche
  6726 | D:8      | Killed Psyche
  6890 | D:8      | Reached ***** piety under Trog
  6898 | D:8      | Gained mutation: Scrolls take you a little longer to read. [mutagenic meat]
  6899 | D:8      | Lost mutation: Scrolls take you a little longer to read. [mutagenic meat]
  6900 | D:8      | Gained mutation: You are partially covered in slimy green scales. (AC +2) [mutagenic meat]
  7017 | D:8      | Reached skill level 12 in Axes
  7096 | D:8      | Found an ancient bone altar of Kikubaaqudgha.
  7286 | D:9      | Noticed a troll
  7294 | D:9      | Killed a troll
  7377 | D:9      | Reached XP level 10. HP: 92/92 MP: 9/9
  8329 | D:9      | Reached skill level 10 in Fighting
  8747 | D:9      | Got a jewelled morningstar
  8765 | D:9      | Found a staircase to the Lair.
  8784 | D:9      | Identified the cursed +1 morningstar of Saltpetre {freeze, rElec Int+2 Dex-4} (You found it on level 9 of the Dungeon)
  8911 | D:10     | Entered Level 10 of the Dungeon
  9016 | D:10     | Reached skill level 13 in Axes
  9211 | D:10     | Noticed Urug
  9216 | D:10     | Killed Urug
  9431 | D:10     | Got a translucent turquoise ring
  9433 | D:10     | Identified the ring "Umidd" {MR+ Dex+2} (You found it on level 10 of the Dungeon)
 10206 | D:11     | Found Tagat's Weapon Shoppe.
 10213 | D:11     | Noticed a gargoyle
 10224 | D:11     | Killed a gargoyle
 10379 | D:11     | Noticed a two-headed ogre
 10381 | D:11     | Noticed a cyclops
 10387 | D:11     | Killed a cyclops
 10388 | D:11     | Killed a two-headed ogre
 10612 | D:11     | Reached skill level 14 in Axes
 10612 | D:11     | Reached skill level 10 in Armour
 10612 | D:11     | Reached XP level 11. HP: 77/101 MP: 10/10
 10724 | D:11     | Noticed Nergalle
 10735 | D:11     | Killed Nergalle
 11368 | Lair:1   | Entered Level 1 of the Lair of Beasts
 11476 | Lair:1   | Noticed a five-headed hydra
 11485 | Lair:1   | Killed a five-headed hydra
 12147 | Lair:1   | Noticed an oklob plant
 12274 | Lair:1   | Noticed an oklob plant
 12455 | Lair:2   | Found a frozen archway.
 12468 | Lair:2   | Reached skill level 5 in Dodging
 12658 | IceCv    | Entered an ice cave
 12817 | IceCv    | Reached skill level 15 in Axes
 13776 | IceCv    | Noticed a frost giant
 13797 | IceCv    | Killed from afar by a frost giant

Vault maps used:
D:1:      giann_horns
D:4:      first_bread, cheibrodos_ashenzari_chains
D:5:      marbit_many_paths, basic_altar, serial_shops, shop, shop,
          nzn_random_ring, uniq_ijyb, uniq_duvessa
D:7:      temple_doors_ab, serial_shops, shop
D:8:      basic_altar, uniq_psyche
D:9:      erik_lair_dragon
D:10:     uniq_urug
D:11:     serial_column_ruins, column_ruins_square_medium,
          column_ruins_circle_small, column_ruins_open_small,
          column_ruins_corridor_dead_end, column_ruins_columns_straight,
          column_ruins_grid_3, serial_shops, shop, uniq_nergalle
Lair:1:   minmay_lair_oklob_tunnel, serial_bayou_pond_e
Lair:2:   minmay_snake_entry_six_corridors, portal_ice_cave_demonic_guard,
          patterned_corridor
IceCv:    ice_cave_caverns_03

Skill      XL: |  1  2  3  4  5  6  7  8  9 10 11 |
---------------+----------------------------------+-----
Fighting       | 4 5 6 7 8 9 10 11 | 11.9
Axes           | 4 5 6 7 8 10 12 14 15 | 15.4
Armour         | 3 4 5 6 8 10 11 | 11.2
Dodging        | 3 6 |  6.0

Action                   |  1- 3 |  4- 6 |  7- 9 | 10-12 || total
-------------------------+-------+-------+-------+-------++-------
Melee: Hand axe          |    84 |    90 |   149 |       ||   323
       Headbutt          |    15 |    15 |    65 |    88 ||   183
       War axe           |       |       |   145 |   311 ||   456
       Double sword      |       |       |       |    16 ||    16
       Spear             |       |       |       |    12 ||    12
       Morningstar       |       |       |       |     7 ||     7
 Fire: Hunting sling     |    10 |    18 |     7 |     1 ||    36
Throw: Tomahawk          |     1 |       |       |       ||     1
Invok: Berserk           |       |     2 |     6 |     4 ||    12
       Burn Spellbooks   |       |       |     1 |       ||     1
       Brothers in Arms  |       |       |       |     7 ||     7
Evoke: Wand              |       |       |       |     4 ||     4
  Use: Scroll            |     1 |     9 |     6 |     5 ||    21
       Potion            |       |     1 |       |       ||     1
 Stab: Sleeping          |     1 |     1 |       |       ||     2
  Eat: Chunk             |     2 |     6 |    22 |    17 ||    47
       Fruit             |       |       |     1 |     5 ||     6
       Meat ration       |       |       |       |     1 ||     1
Armor: Animal skin       |     8 |     9 |       |       ||    17
       Scale mail        |       |    27 |    41 |       ||    68
       Plate armour      |       |       |    87 |   194 ||   281
Dodge: Dodged            |    40 |    42 |   122 |   138 ||   342
Block: Other             |     9 |     8 |    51 |    68 ||   136
       Reflection        |     1 |       |     5 |     2 ||     8
       Rpst.: Double sword |       |       |       |     3 ||     3

Table legend:
 A = Spawn XP
 B = Non-spawn XP
 C = Spawn XP percentage of total XP
 D = Spawn monster count
 E = Non-spawn monster count
 F = Spawn count percentage of total count
 G = Total turns spent on level
                    A         B        C        D         E        F      G
               +---------+---------+-------+---------+---------+-------+---------
         Total |       0 |   21656 |   0.0 |       0 |     291 |   0.0 | 13797
               +---------+---------+-------+---------+---------+-------+---------
           D:1 |       0 |      43 |   0.0 |       0 |      24 |   0.0 |   807
           D:2 |       0 |      44 |   0.0 |       0 |      23 |   0.0 |   978
           D:3 |       0 |      59 |   0.0 |       0 |      22 |   0.0 |   921
           D:4 |       0 |     295 |   0.0 |       0 |      22 |   0.0 |   647
           D:5 |       0 |    1451 |   0.0 |       0 |      33 |   0.0 |  1612
           D:6 |       0 |     672 |   0.0 |       0 |      11 |   0.0 |  1052
           D:7 |       0 |     623 |   0.0 |       0 |      17 |   0.0 |   696
           D:8 |       0 |    1846 |   0.0 |       0 |      43 |   0.0 |   565
           D:9 |       0 |    1972 |   0.0 |       0 |      24 |   0.0 |  1709
          D:10 |       0 |    1759 |   0.0 |       0 |      16 |   0.0 |  1314
          D:11 |       0 |    5004 |   0.0 |       0 |      20 |   0.0 |  1067
        Lair:1 |       0 |    2119 |   0.0 |       0 |       6 |   0.0 |  1024
        Lair:2 |       0 |     945 |   0.0 |       0 |       4 |   0.0 |   266
         IceCv |       0 |    4824 |   0.0 |       0 |      26 |   0.0 |  1139
               +---------+---------+-------+---------+---------+-------+---------
